 Dungeon Crawl Stone Soup version 0.32-a0-996-gb3226c233f (webtiles) character file.

Game seed: 12944896499900830891

135 Ijustatesigmund the Chopper (level 4, -3/41 HPs)
             Began as a Mountain Dwarf Monk on Apr 23, 2024.
             Slain by Pikel
             ... wielding a +1 whip of electrocution
              (8 damage)
             ... on level 5 of the Dungeon.
             The game lasted 00:03:47 (3006 turns).

Ijustatesigmund the Chopper (Mountain Dwarf Monk)   Turns: 3006, Time: 00:03:48

Health: -3/41      AC:  2    Str: 14    XL:     4   Next: 97%
Magic:  4/4        EV: 11    Int: 12    God:
Gold:   149        SH:  0    Dex: 12    Spells: 2/4 levels left

rFire   . . .        a - +0 hand axe
rCold   . . .        d - orb {light}
rNeg    . . .        b - +0 robe
rPois   .            (no helmet)
rElec   .            (no cloak)
rCorr   .            (no gloves)
SInv    .            (no boots)
Will    .....        (no amulet)
Stlth   +            (no ring)
HPRegen 0.26/turn    (no ring)
MPRegen 0.09/turn

%: no passive effects
@: mighty, glowing
A: runic magic, artefact enchanting
a: no special abilities


You were on level 5 of the Dungeon.
You visited 1 branch of the dungeon, and saw 5 of its levels.

You collected 149 gold pieces.

Inventory:

Hand Weapons
 a - a +0 hand axe (weapon)
Armour
 b - a +0 robe (worn)
 d - an orb of light (worn)
Scrolls
 e - a scroll of fog {unknown}
 g - 2 scrolls of immolation {unknown}
 i - a scroll of fear {unknown}
 j - a scroll of enchant weapon {unknown}
 l - a scroll of identify
Potions
 c - a potion of ambrosia
 f - 2 potions of haste
 h - 2 potions of heal wounds
 k - 2 potions of might


   Skills:
 + Level 4.3 Fighting
 + Level 4.7 Axes
 - Level 2.2 Armour
 - Level 2.1 Dodging
 + Level 0.5 Spellcasting
 + Level 1.8 Fire Magic


You had 2 spell levels left.
You knew the following spells:

 Your Spells              Type           Power      Damage    Failure   Level
a - Scorch                Fire           8%         2d5       22%         2

Your spell library contained the following spells:

 Spells                   Type           Power      Damage    Failure   Level
 Slow                     Hex            0%         N/A       32%         1
 Confusing Touch          Hex            0%         N/A       67%         3
 Vampiric Draining        Necr           0%         2d6       67%         3
 Flame Wave               Conj/Fire      2%         2d4       91%         4
 Sculpt Simulacrum        Ice/Alch       0%         N/A       100%        6
 Summon Cactus Giant      Summ           0%         N/A       100%        6
 Ozocubu's Refrigeration  Ice            0%         4d7       100%        7
 Polar Vortex             Ice            0%         N/A       100%        9


Dungeon Overview and Level Annotations

Branches:
Dungeon (6/15)
 Temple: D:4-7

Altars:

Annotations:
D:5 Pikel


Innate Abilities, Weirdness & Mutations

Your spellcasting is much less encumbered by armour.
You can use scrolls of enchantment on lesser artefacts.


Message History

The adder is almost dead.
The adder closely misses you.
You hit the adder.
You kill the adder!
No target in view!
No target in view!
No target in view!
No target in view!
No target in view!
No target in view!
HP restored.
Pikel, Merchant of Souls comes into view.
He is wielding a +1 whip of electrocution.
Okay, then.
You feel very mighty all of a sudden.
A lemure comes into view.
You hit Pikel.
Pikel is lightly wounded.
Pikel barely misses you.
You hit Pikel.
Pikel is moderately wounded.
Pikel hits you with a +1 whip of electrocution.
Pikel barely misses you.
You slash Pikel!
Pikel is severely wounded.
Pikel hits you with a +1 whip of electrocution.
You are electrocuted!
You are too injured to fight recklessly!
You are too injured to fight recklessly!
You are too injured to fight recklessly!
You are too injured to fight recklessly!
You closely miss Pikel.
Pikel is severely wounded.
Pikel hits you with a +1 whip of electrocution.
You slash Pikel!
Pikel is almost dead.
You hit the lemure but do no damage. The lemure hits you!
* * * LOW HITPOINT WARNING * * *
Pikel hits you with a +1 whip of electrocution!
You die...
Pikel says, "See you in Hell!"

#.###. #.#..
#.#.# #.#.#
#...# ########
.####.5....#
......K@...#####
..####.###.##..
#. ##.##.# #.
#...#.# # #.
#.#...# .#
..######.# #.
.........##.#
#########...#
#........####


You could see Pikel and a lemure.

Vanquished Creatures
  2 adders
  5 dart slugs
  3 ribbon worms
  3 orcs (D:3)
  11 bats
  8 endoplasms
  2 giant cockroaches
  8 goblins
  6 hobgoblins
  2 jackals (D:3)
  6 quokkas
  9 ball pythons
  5 frilled lizards
  5 kobolds
  24 rats
99 creatures vanquished.

Notes
Turn   | Place    | Note
-------+----------+-------------------------------------------
     0 | D:1      | Ijustatesigmund the Mountain Dwarf Monk began the quest for
                  | the Orb.
     0 | D:1      | Reached XP level 1. HP: 19/19 MP: 1/1
   114 | D:1      | Reached XP level 2. HP: 26/26 MP: 2/2
   134 | D:1      | Reached skill level 1 in Armour
   445 | D:1      | Reached XP level 3. HP: 27/33 MP: 3/3
   578 | D:1      | Found a faded altar of an unknown god.
   767 | D:1      | Learned a level 2 spell: Scorch
  1330 | D:2      | Reached skill level 1 in Fire Magic
  1330 | D:2      | Reached XP level 4. HP: 27/40 MP: 4/4
  2917 | D:3      | You fall into a shaft and drop 3 floors!
  2936 | D:5      | Entered Level 5 of the Dungeon
  2997 | D:5      | Noticed Pikel
  3001 | D:5      | Noticed a lemure
  3006 | D:5      | Slain by Pikel

Illustrated notes

Levels and vault maps discovered:
D:1:      psy_arrival_spokes, layout_loops_corners,
          shapermc_ecumenical_altar_totnotflames, skrybe_limestone_x,
          wad_floor_pattern_untrapped, amcnicky_mini_rare_corridor_liquid,
          minmay_pentomino_v4
D:2:      layout_basic, minmay_rat_hole
D:3:      layout_basic, chequers_serial_rivers_marsh, grunt_decor_junction,
          minmay_misc_feat_diagonals, hangedman_decor_slide_cut
D:5:      layout_loops_ring, minmay_temple_entry_trees, serial_co_window_serial,
          co_window_of_opportunity_a, co_window_paths_a,
          co_window_of_opportunity_a, co_window_corner_a, co_window_cross_1,
          co_window_paths_a, co_window_corner_b, co_window_2corner,
          co_window_cross_4, co_window_sun, dreamdust_gnoll_farm, uniq_pikel
D:6:      layout_basic, amcnicky_altar_gilded, minmay_holes

Skill      XL: |  1  2  3 |
---------------+----------+-----
Armour         | 1 2 |  2.2
Axes           | 4 |  4.7
Fighting       | 4 |  4.3
Fire Magic     | 1 |  1.8
Dodging        | |  2.1
Spellcasting   | |  0.5

Action                     |  1- 3 |  4- 6 || total
---------------------------+-------+-------++-------
  Melee: Hand axe          |   130 |   115 ||   245
    Use: Scroll            |       |     3 ||     3
         Potion            |       |     1 ||     1
 Armour: Robe              |    66 |    58 ||   124
  Dodge: Dodged            |    81 |    68 ||   149

Table legend: (Time is in decaauts)
 A = Elapsed time spent in this place.
 B = Non-inter-level travel time spent in this place.
 C = Inter-level travel time spent in this place.
 D = Time resting spent in this place.
 E = Time spent auto-exploring this place.
 F = Levels seen in this place.
 G = Mean time per level.
                   A        B        C        D        E       F      G
               +--------+--------+--------+--------+--------+-----+--------+
         Total |   3025 |   2949 |     76 |    365 |   2070 |   5 |  605.0 |
       Dungeon |   3025 |   2949 |     76 |    365 |   2070 |   5 |  605.0 |
               +--------+--------+--------+--------+--------+-----+--------+

Top non-repeatable levels by time:
     D:1: 1198 daAuts
     D:2: 1123 daAuts
     D:3: 613 daAuts
     D:5: 70 daAuts
     D:6: 18 daAuts
